Map: Vaani Research Station (Void)

Players

ByuN

  • Race: Terran Terran
  • Spawn Location: 6:00

Maru - Winner!

  • Race: Terran Terran
  • Spawn Location: 12:00

Event: IEM Season 11 - Gyeonggi

VOD

Have the link to the VOD?

Description

Time

  • Played on: Dec. 14, 2016, 4:09 a.m.
  • Length: 19:04

All games in this series

Show
View Real Time Build Order
Export as new Build Order

ByuN Terran 

Build Orders: Bio Tank 

Get SALT Encoding   

  12  0:00  SCV  
  13  0:12  SCV  
  14  0:17  Supply Depot  
  14  0:24  SCV  
  15  0:39  SCV  
  15  0:40  Barracks  
  16  0:44  Refinery  
  16  0:51  SCV  
  17  0:59  Barracks  
  17  1:03  SCV  
  18  1:15  SCV  
  19  1:27  Orbital Command, Reaper  
  19  1:32  Supply Depot  
  20  1:46  Reaper  
  21  1:52  SCV  
  22  2:03  Reaper  
  23  2:09  Command Center  
  23  2:12  SCV  
  24  2:22  Refinery  
  24  2:24  SCV  
  24  2:25  Marine  
  26  2:32  Supply Depot  
  26  2:35  Marine  
  26  2:36  SCV  
  28  2:46  Factory  
  28  2:48  SCV  
  29  2:59  Marine  
  29  3:00  SCV  
  29  3:02  Barracks Tech Lab  
  31  3:12  SCV  
  31  3:17  Marine  
  32  3:20  Marine  
  32  3:21  Stimpack  
  32  3:22  Orbital Command  
  32  3:24  SCV  
  34  3:32  Starport  
  34  3:34  Engineering Bay  
  34  3:37  Marine  
  34  3:39  Marine  
  36  3:44  SCV  
  36  3:48  SCV  
  38  3:50  Factory Reactor  
  38  3:55  Marine  
  39  3:57  Marine  
  39  3:59  SCV  
  39  4:02  SCV  
  42  4:04  Missile Turret  
  42  4:05  Missile Turret  
  42  4:08  Viking  
  44  4:14  Marine  
  44  4:15  Marine  
  46  4:17  SCV  
  46  4:18  SCV  
  46  4:21  Supply Depot  
  48  4:27  Terran Infantry Weapons Level 1  
  48  4:29  SCV  
  48  4:30  SCV  
  50  4:40  Medivac  
  50  4:42  SCV x2  
  52  4:50  Marine x3, Factory Reactor  
  53  4:54  SCV x2  
  53  4:55  Refinery  
  53  4:56  Supply Depot  
  55  5:06  SCV x2  
  56  5:07  Marine  
  56  5:08  Marine x2  
  55  5:18  SCV x2  
  56  5:25  Marine  
  56  5:26  Marine x2  
  58  5:30  SCV x2  
  58  5:32  Combat Shields  
  60  5:38  Factory Tech Lab  
  60  5:42  SCV x2  
  61  5:43  Marine  
  61  5:44  Marine x2  
  63  5:52  Medivac x2  
  67  5:58  SCV x2  
  67  6:01  Marine  
  67  6:04  Supply Depot  
  70  6:06  Supply Depot  
  70  6:10  Marine x2  
  72  6:13  Siege Tank  
  72  6:15  SCV x2  
  72  6:18  Liberator  
  81  6:27  SCV, Terran Infantry Armor Level 1  
  81  6:28  SCV  
  81  6:31  Supply Depot  
  83  6:33  Marine x2  
  84  6:40  Medivac  
  84  6:43  SCV x2  
  84  6:45  Supply Depot  
  84  6:46  Marine  
  89  6:51  Marine x2  
  89  6:53  Siege Tank  
  94  7:07  Command Center  
  94  7:11  Marine  
  94  7:12  Marine x2  
  97  7:18  SCV x2  
  99  7:25  Siege Tank  
  102  7:30  Barracks  
  102  7:33  Refinery, SCV  
  102  7:34  SCV, Supply Depot  
  104  7:38  Marine x3  
  107  7:48  SCV  
  107  7:49  SCV  
  107  7:50  Barracks x2  
  109  7:58  Armory  
  109  7:59  Engineering Bay  
  109  8:00  SCV  
  109  8:01  SCV  
  110  8:12  Marine, SCV  
  111  8:13  Marine x2  
  111  8:19  Siege Tank  
  108  8:27  Barracks Reactor  
  108  8:28  SCV x2  
  108  8:29  Orbital Command  
  108  8:30  Marine x2  
  108  8:31  Marine  
  113  8:39  Barracks Reactor x2  
  113  8:41  SCV x2  
  115  8:48  Marine x3  
  115  8:49  Medivac x2  
  115  8:50  Refinery  
  115  8:51  Refinery, Terran Infantry Weapons Level 2, Terran Infantry Armor Level 2  
  115  8:54  SCV x2  
  115  8:55  SCV  
  125  9:01  Supply Depot  
  125  9:06  SCV x2  
  125  9:07  SCV, Supply Depot  
  125  9:08  Supply Depot  
  128  9:12  Marine x4  
  128  9:13  Marine  
  133  9:22  Marine x4  
  137  9:30  Factory, Terran Vehicle Weapons Level 1  
  136  9:34  Missile Turret  
  136  9:35  Sensor Tower  
  136  9:36  Marine x5  
  140  9:40  Marine x2  
  140  9:41  Marine x2  
  140  9:43  Siege Tank  
  143  9:47  Medivac x2  
  147  9:53  Marine  
  147  9:54  Marine x4  
  147  9:58  Marine x3  
  147  9:59  Supply Depot  
  155  10:02  Supply Depot  
  155  10:15  Factory Tech Lab  
  155  10:16  Marine  
  155  10:17  Siege Tank  
  155  10:18  Marine x2  
  153  10:23  Marine x3  
  153  10:24  Marine  
  153  10:26  Marine  
  153  10:28  Marine  
  151  10:33  Marine  
  145  10:35  Marine  
  145  10:36  Marine  
  145  10:41  Marine x3, Medivac x2  
  145  10:42  Marine  
  155  10:44  Marine  
  155  10:46  Siege Tank  
  155  10:49  Marine  
  160  10:51  Marine  
  160  10:53  Marine  
  160  10:54  Marine  
  162  10:57  Siege Tank  
  162  10:58  Marine  
  166  11:04  Supply Depot  
  166  11:05  Supply Depot  
  166  11:10  Marine x6  
  172  11:11  Marine  
  173  11:20  Siege Tank  
  173  11:21  Marine x2  
  169  11:27  Marine  
  169  11:28  Marine x5  
  169  11:29  Marine, Siege Tank  
  179  11:38  Marine  
  179  11:39  Marine  
  181  11:45  Marine x5  
  181  11:47  Marine  
  178  11:48  Marine  
  178  11:52  Siege Tank  
  180  11:56  Marine  
  180  12:00  Terran Infantry Weapons Level 3  
  177  12:01  Siege Tank  
  180  12:13  Marine  
  169  12:16  Marine  
  169  12:20  Marine  
  169  12:22  Marine x4  
  160  12:27  Marine x2  
  162  12:31  Marine  
  162  12:34  Terran Infantry Armor Level 3  
  162  12:36  Marine  
  164  12:43  Command Center  
  162  12:53  Marine x5  
  162  12:56  Marine  
  168  13:02  Siege Tank  
  171  13:06  Supply Depot  
  171  13:07  Supply Depot  
  171  13:08  Supply Depot  
  171  13:09  Supply Depot  
  171  13:18  Marine x2  
  173  13:26  Marine  
  173  13:27  Marine  
  173  13:28  Marine x5, Viking x2, Siege Tank  
  186  13:55  Siege Tank  
  186  13:58  Sensor Tower  
  186  14:00  Siege Tank  
  189  14:03  Marine x5  
  189  14:07  Marine  
  195  14:11  Marine  
  195  14:24  Marine  
  190  14:25  Marine x2  
  190  14:26  Marine x4  
  190  14:27  Siege Tank  
  190  14:30  Marine  
  200  14:50  Planetary Fortress  
  200  14:57  Barracks x2, Marine  
  200  14:58  Barracks, Missile Turret x2  
  194  15:00  Missile Turret x2  
  194  15:01  Marine  
  194  15:02  Marine  
  194  15:04  Marine x5  
  194  15:05  Marine  
  158  15:15  Marine  
  158  15:19  Marine  
  158  15:20  Marine  
  161  15:22  Marine x2  
  161  15:23  Marine  
  161  15:25  Marine x2  
  161  15:27  Siege Tank x2  
  172  15:30  Medivac x2  
  172  15:31  Command Center  
  169  15:47  Marine x2  
  169  15:48  Marine x4  
  164  15:50  Marine  
  164  15:56  Marine  
  166  15:57  Marine  
  166  16:00  Viking x2  
  171  16:05  Marine x2  
  171  16:06  Marine x3  
  175  16:23  Marine x4  
  175  16:25  Siege Tank  
  178  16:27  Marine  
  178  16:30  Viking x2  
  181  16:33  Marine  
  181  16:36  Marine  
  181  16:38  Marine x2  
  181  16:39  Siege Tank  
  188  16:41  Marine  
  187  16:52  Marine x2  
  187  16:53  Marine x3  
  187  16:54  Marine  
  154  16:55  Marine  
  154  16:56  Marine  
  154  16:57  Siege Tank  
  154  16:59  Marine  
  154  17:00  Viking x2  
  163  17:11  Siege Tank  
  164  17:18  Marine  
  164  17:20  Marine x2  
  164  17:22  Marine x2  
  149  17:23  Marine x3  
  149  17:28  Orbital Command  
  149  17:29  Siege Tank  
  148  17:30  Viking  
  152  17:35  Marine  
  155  17:43  Siege Tank  
  155  17:47  Marine  
  155  17:48  Marine x3  
  157  17:53  Marine  
  157  17:58  Marine  
  102  18:01  Siege Tank  
  102  18:04  Marine  
  106  18:15  Siege Tank  
  106  18:19  Orbital Command  
  109  18:30  Marine  
  109  18:33  Marine  
  109  18:34  Marine  
  112  18:36  Marine  
  112  18:38  Marine x5  
Show
View Real Time Build Order
Export as new Build Order

Maru Terran - Winner!

Build Orders: 1/1/1, Cyclone Opening, Bio Tank 

Get SALT Encoding   

  12  0:00  SCV  
  13  0:12  SCV  
  14  0:18  Supply Depot  
  14  0:24  SCV  
  15  0:29  Refinery  
  15  0:39  SCV  
  16  0:46  Barracks  
  16  0:51  SCV  
  16  0:56  Refinery  
  17  1:03  SCV  
  18  1:16  SCV  
  19  1:32  Orbital Command  
  19  1:33  Reaper  
  19  1:36  Factory  
  20  1:45  Supply Depot  
  20  1:58  SCV  
  21  2:05  Reaper  
  22  2:10  SCV  
  23  2:22  SCV, Starport  
  24  2:25  Cyclone  
  27  2:33  Supply Depot  
  27  2:34  SCV  
  28  2:38  Barracks Tech Lab  
  28  2:46  SCV  
  28  2:58  SCV  
  29  3:05  Cloaking Field, Banshee  
  30  3:12  SCV  
  32  3:23  Command Center  
  32  3:26  SCV  
  33  3:29  Barracks Reactor  
  33  3:36  Factory Tech Lab  
  33  3:38  SCV  
  34  3:42  Supply Depot  
  34  3:48  Banshee  
  34  3:51  SCV  
  38  4:03  SCV  
  39  4:12  Command Center  
  39  4:19  Marine x2  
  39  4:21  SCV  
  42  4:31  Raven  
  42  4:35  SCV  
  45  4:42  Orbital Command  
  45  4:48  SCV  
  46  5:00  SCV  
  46  5:02  Marine  
  46  5:03  Siege Tank  
  51  5:08  SCV  
  51  5:12  SCV, Supply Depot  
  53  5:20  SCV  
  54  5:24  SCV  
  54  5:28  Orbital Command  
  52  5:33  SCV  
  52  5:35  Viking, Siege Tank  
  58  5:36  Viking, SCV  
  58  5:42  Marine  
  61  5:49  Engineering Bay  
  62  5:50  SCV  
  62  5:51  Refinery, Engineering Bay  
  62  5:55  SCV x2  
  65  5:59  Stimpack  
  65  6:00  Refinery  
  62  6:07  Viking, SCV  
  62  6:10  Viking  
  67  6:12  SCV x2  
  69  6:18  Barracks  
  69  6:21  Barracks  
  69  6:24  SCV  
  70  6:34  Marine, Siege Tank  
  70  6:35  Barracks  
  70  6:36  Barracks  
  74  6:41  Supply Depot  
  74  6:43  Terran Infantry Weapons Level 1  
  74  6:46  Terran Infantry Armor Level 1  
  73  6:51  SCV  
  73  6:53  Supply Depot  
  74  7:06  Missile Turret  
  75  7:08  Barracks Reactor x2, Missile Turret  
  75  7:09  Marine  
  76  7:15  Medivac  
  76  7:16  Siege Tank  
  76  7:21  Missile Turret  
  77  7:25  Barracks Reactor  
  77  7:27  Barracks Reactor  
  77  7:29  Marine  
  78  7:34  Missile Turret  
  78  7:35  Sensor Tower  
  78  7:37  SCV x2  
  78  7:38  SCV  
  81  7:45  Marine  
  81  7:46  Marine x3, Supply Depot, Orbital Command  
  81  7:47  Marine, Supply Depot x2  
  86  7:53  SCV x2  
  86  7:56  Armory  
  88  8:03  Marine x3  
  88  8:04  Marine  
  88  8:05  SCV  
  93  8:07  SCV  
  93  8:08  Sensor Tower  
  93  8:10  Refinery x2  
  93  8:12  Marine x5  
  99  8:17  SCV  
  99  8:19  SCV x2  
  102  8:20  Marine x2  
  102  8:21  Marine  
  102  8:23  Medivac x2  
  107  8:27  Marine  
  107  8:29  SCV  
  107  8:34  SCV  
  110  8:36  Marine x5, Combat Shields  
  110  8:37  Supply Depot x2  
  110  8:38  Marine x2  
  117  8:42  SCV x2, Supply Depot  
  117  8:45  Terran Infantry Weapons Level 2  
  117  8:46  SCV  
  120  8:50  Terran Infantry Armor Level 2  
  120  8:51  Marine  
  120  8:54  SCV  
  122  8:59  Siege Tank  
  125  9:03  Marine x6  
  131  9:10  Factory  
  131  9:11  Supply Depot  
  131  9:13  Marine  
  132  9:19  Medivac x2  
  136  9:25  Marine x6  
  136  9:30  Supply Depot  
  142  9:34  Supply Depot  
  138  9:46  Marine  
  138  9:47  Marine  
  138  9:49  Medivac x2, Siege Tank  
  138  9:52  Supply Depot  
  147  9:54  Factory Tech Lab  
  147  9:55  Marine x7  
  153  10:06  Marine  
  154  10:07  Marine  
  154  10:13  Marine x3  
  154  10:14  Marine x2  
  159  10:21  Marine  
  159  10:25  Marine  
  159  10:30  Marine  
  159  10:34  Marine  
  159  10:35  Marine x5, Siege Tank  
  151  10:36  Siege Tank  
  151  10:39  Marine  
  158  10:43  Marine  
  158  10:44  Medivac x2  
  158  10:48  Marine  
  164  10:52  Marine x3  
  167  11:00  Command Center  
  167  11:03  Terran Vehicle Weapons Level 1  
  167  11:08  Siege Tank  
  167  11:09  Siege Tank  
  173  11:12  Terran Infantry Weapons Level 3  
  173  11:22  Marine x3  
  170  11:40  Siege Tank  
  170  11:41  Siege Tank  
  159  11:48  Marine x2  
  159  11:49  Marine  
  162  11:54  Command Center  
  159  12:02  Marine x5  
  164  12:12  Siege Tank  
  164  12:13  Siege Tank  
  168  12:20  Marine x6  
  145  12:25  Marine  
  145  12:26  Marine x2  
  148  12:38  Marine x5  
  153  12:44  Siege Tank  
  153  12:45  Siege Tank  
  153  12:48  Viking x2  
  161  12:53  Orbital Command  
  160  13:00  Liberator  
  160  13:01  Liberator  
  159  13:14  Marine  
  159  13:16  Siege Tank  
  159  13:17  Siege Tank  
  171  13:30  Marine x3  
  174  13:48  Siege Tank  
  174  13:55  Marine x5  
  178  13:59  Barracks  
  178  14:00  Barracks x2, Viking, Planetary Fortress  
  178  14:01  Viking  
  186  14:09  Marine  
  186  14:16  Marine x5  
  191  14:30  Marine  
  188  14:39  Marine x8  
  196  14:49  Supply Depot  
  196  14:50  Supply Depot  
  196  14:51  Supply Depot x3  
  196  14:52  Supply Depot  
  196  14:56  Supply Depot  
  176  15:17  Marine x5  
  176  15:20  Barracks Reactor  
  176  15:21  Barracks Reactor  
  181  15:22  Supply Depot  
  181  15:25  Engineering Bay  
  181  15:26  Barracks Reactor, Armory  
  181  15:28  Armory  
  181  15:43  Marine x6  
  181  15:47  Marine x2  
  189  15:53  Command Center  
  189  15:56  Sensor Tower  
  189  16:00  Marine, Siege Tank  
  189  16:01  Marine  
  189  16:03  Marine x2  
  189  16:07  Marine x2  
  189  16:12  Marine x3  
  189  16:18  Marine  
  186  16:21  Marine  
  186  16:24  Terran Infantry Armor Level 3, Terran Vehicle Weapons Level 2  
  187  16:29  Marine x4  
  187  16:31  Marine  
  189  16:37  Marine  
  183  16:43  Marine x7  
  183  16:45  Supply Depot  
  183  16:46  Supply Depot  
  188  16:47  Marine  
  188  16:48  Marine, Supply Depot  
  169  16:54  Marine  
  169  16:58  Marine x3  
  169  17:01  Marine x4  
  174  17:07  Marine  
  174  17:08  Marine x4, Command Center  
  182  17:11  Refinery  
  182  17:12  Refinery, Marine  
  182  17:13  Command Center  
  175  17:16  Marine x2  
  175  17:20  Marine  
  175  17:21  Marine x4  
  175  17:22  Siege Tank x2  
  181  17:24  Medivac x2  
  181  17:25  Marine  
  181  17:26  Marine x4  
  190  17:30  Marine  
  190  17:34  Marine x2  
  191  17:38  Marine x2  
  191  17:39  Marine x2  
  193  17:50  Marine  
  188  17:55  Marine  
  161  17:58  Marine  
  161  17:59  Marine x8  
  161  18:00  Siege Tank x2  
  161  18:05  Marine, Medivac x2  
  178  18:06  Marine  
  178  18:08  Marine  
  183  18:13  Marine  
  183  18:16  Marine  
  183  18:17  Marine  
  183  18:18  Missile Turret  
  186  18:21  Marine, Command Center  
  186  18:22  Marine x4  
  186  18:23  Orbital Command  
  186  18:26  Marine x5  
  196  18:30  Marine  
  184  18:36  Marine x2  
  185  18:44  Marine x2  
  185  18:46  Marine  

Tags
 
Add a new tag
Caveats
  • Supply blocks, unpowered buildings, or Contaminate may cause inaccurate times.
  • Supply counts are checked every 10 seconds.